AoeStats
← eyupfc

Arabia

504845445Analyzed
1v1 RM · 26d ago on Sep 6, 2026· 33m 3s· 2 players
Game mode
Random Map
Map size
Tiny (2 player)
Population
200
Speed
Normal
Resources
Standard
Victory
Conquest
Starting age
Dark Age
Ending age
Imperial Age
RankedLock teamsTeams togetherTeam positionsShared explorationLock speedFull tech treeHidden civsTurbo modeCheats
Victory
Defeat
🇹🇷 Tupi · Türkiye
1178
+17
🇬🇧 Khmer · United Kingdom
1192
-17
eyupfc
6:57 Loom
8:55 Feudal Age
10:14 Double-Bit Axe
15:55 Fletching
21:03 Castle Age
19:20 Gold Mining
19:13 Horse Collar
21:08 Padded Archer Armor
21:32 Crossbowman
22:10 Bodkin Arrow
22:26 Bow Saw
28:29 Town Watch
Eudamidas
8:51 Feudal Age
7:11 Loom
9:32 Double-Bit Axe
14:27 Horse Collar
19:06 Castle Age
20:20 Bow Saw
24:47 Ballistics
27:12 Wheelbarrow
28:12 Gold Mining
28:13 Stone Mining
28:45 Town Watch
29:46 Hand Cart
29:57 Heavy Plow
31:22 Bloodlines
31:51 Scale Barding Armor
Connection lost

Rejoining the realm…

Still unreachable

The connection could not be restored.

Session expired

The server has moved on; the page needs a fresh start.